 Dungeon Crawl Stone Soup version 0.28.0-43-g3370ac3207 (webtiles) character file.

Game seed: 8653761560724836238

305 fknight the Poker (level 6, -6/79 HPs)
             Began as a Gnoll Berserker on Mar 13, 2022.
             Was a Believer of Trog.
             Mangled by a two-headed ogre
             ... wielding a +0 giant club
              (16 damage)
             ... on level 4 of the Dungeon on Mar 14, 2022.
             The game lasted 00:08:12 (3381 turns).

fknight the Poker (Gnoll Berserker)                 Turns: 3381, Time: 00:08:13

Health: -6/79      AC: 11    Str: 18    XL:     6   Next: 39%
Magic:  8/8        EV: 12    Int:  6    God:    Trog [**....]
Gold:   57         SH:  4    Dex: 12    Spells: 8/8 levels left

rFire   . . .      SeeInvis .   a - +0 spear
rCold   . . .      Faith    .   x - +0 buckler
rNeg    . . .      Spirit   .   l - +0 ring mail
rPois   .          Reflect  .   v - +2 hat
rElec   .          Harm     .   (no cloak)
rCorr   .          Rampage  .   m - +2 pair of gloves
Will    .....                   (no boots)
Stlth   ..........              (no amulet)
HPRegen 0.23/turn               t - ring of flight
MPRegen 0.11/turn               (no ring)

@: berserking, flying, very quick
A: fangs 1, strong nose, distributed training
a: Renounce Religion, Berserk, Trog's Hand


You were on level 4 of the Dungeon.
You worshipped Trog.
Trog was pleased with you.
You visited 1 branch of the dungeon, and saw 4 of its levels.

You collected 57 gold pieces.

Inventory:

Hand Weapons
 a - a +0 spear (weapon)
 b - a +1 falchion of holy wrath
Missiles
 d - 94 stones (quivered)
 f - 3 poisoned darts
 k - 6 boomerangs
Armour
 i - the +2 robe "Hero's Friend" {rElec}
   (You found it on level 2 of the Dungeon)

   rElec:     It insulates you from electricity.
 l - a +0 ring mail (worn)
 m - a +2 pair of gloves (worn)
 q - a +0 helmet
 v - a +2 hat (worn)
 x - a +0 buckler (worn)
Jewellery
 t - a ring of flight (left hand)
Wands
 j - a wand of flame (1)
 n - a wand of acid (9)
Scrolls
 c - 5 scrolls of identify
 e - a scroll of silence {unknown}
 o - 2 scrolls of vulnerability {unknown}
 p - 4 scrolls of enchant weapon {unknown}
 r - a scroll of noise {unknown}
Potions
 g - 2 potions of invisibility
 h - 2 potions of curing
 s - 2 potions of degeneration
 u - a potion of might {unknown}
 w - a potion of lignification {unknown}


   Skills:
 + Level 6.8 Fighting
 + Level 1.9 Short Blades
 + Level 1.9 Long Blades
 + Level 1.9 Axes
 + Level 1.9 Maces & Flails
 + Level 6.8 Polearms
 + Level 1.9 Staves
 + Level 1.9 Slings
 + Level 1.9 Bows
 + Level 1.9 Crossbows
 + Level 1.9 Throwing
 + Level 5.0 Armour
 + Level 5.0 Dodging
 + Level 1.9 Stealth
 + Level 1.9 Shields
 + Level 1.9 Unarmed Combat
 + Level 1.9 Spellcasting
 + Level 1.5 Conjurations
 + Level 1.5 Hexes
 + Level 1.5 Summonings
 + Level 1.5 Necromancy
 + Level 1.5 Translocations
 + Level 1.5 Transmutations
 + Level 1.5 Fire Magic
 + Level 1.5 Ice Magic
 + Level 1.5 Air Magic
 + Level 1.5 Earth Magic
 + Level 1.5 Poison Magic
 + Level 2.1 Invocations
 + Level 1.9 Evocations


You had 8 spell levels left.
You didn't know any spells.
Your spell library was empty.

Dungeon Overview and Level Annotations

Branches:
Dungeon (4/15)
 Temple: D:4-7

Altars:


Innate Abilities, Weirdness & Mutations

You have very sharp teeth.
Your uncanny sense of smell can sniff out nearby items.
Your experience applies equally to all skills.


Message History

There is a stone staircase leading down here.
A two-headed ogre and a kobold come into view.
The two-headed ogre shouts in stereo!
The two-headed ogre moves out of view.
The kobold throws a stone.
The stone closely misses you.
The kobold throws a stone.
The stone hits you but does no damage.
You hit the kobold.
The kobold is severely wounded.
The kobold closely misses you.
You hit the kobold.
You kill the kobold!
Trog accepts your kill.
You reach to attack!
You hit the two-headed ogre.
The two-headed ogre is lightly wounded.
You barely miss the two-headed ogre.
The two-headed ogre is lightly wounded.
The two-headed ogre hits you with a +0 giant club!!
Ouch! That really hurt!
The two-headed ogre hits you with a +0 giant club!
* * * LOW HITPOINT WARNING * * *
A red film seems to cover your vision as you go berserk!
You feel yourself moving faster!
You feel mighty!
You puncture the two-headed ogre!
The two-headed ogre is lightly wounded.
The two-headed ogre misses you. x2
You hit the two-headed ogre.
The two-headed ogre is moderately wounded.
You hit the two-headed ogre.
The two-headed ogre is moderately wounded.
The two-headed ogre hits you with a +0 giant club!
* * * LOW HITPOINT WARNING * * *
The two-headed ogre barely misses you.
You hit the two-headed ogre.
The two-headed ogre is heavily wounded.
You puncture the two-headed ogre!
The two-headed ogre is severely wounded.
You hit the two-headed ogre.
The two-headed ogre is severely wounded.
The two-headed ogre hits you with a +0 giant club!
You die...

#.........## #
#..........### #
#...........## #
#............## #
#............# #
###...........## #
#######.........>...#
...................##
......)@O..##...####
.......##..######
....... #.## .......
..# ..........#
..........#
........#.#
........#.#


You could see a two-headed ogre.

Vanquished Creatures
  A sky beast (D:3)
  A phantom (D:3)
  A hound (D:2)
  4 gnolls (D:2)
  An adder (D:4)
  3 dart slugs
  4 orcs (D:3)
  2 ball pythons
  3 bats
  3 endoplasms
  2 giant cockroaches
  4 goblins
  5 hobgoblins
  9 jackals
  A quokka (D:3)
  3 kobolds
  4 rats
51 creatures vanquished.

Notes
Turn   | Place    | Note
-------+----------+-------------------------------------------
     0 | D:1      | fknight the Gnoll Berserker began the quest for the Orb.
     0 | D:1      | Reached XP level 1. HP: 23/23 MP: 1/1
   397 | D:1      | Reached XP level 2. HP: 29/29 MP: 2/2
  1208 | D:2      | Reached XP level 3. HP: 27/35 MP: 3/3
  1322 | D:2      | Reached skill level 1 in Invocations
  1326 | D:2      | Reached skill level 1 in Short Blades
  1326 | D:2      | Reached skill level 1 in Long Blades
  1326 | D:2      | Reached skill level 1 in Axes
  1326 | D:2      | Reached skill level 1 in Maces & Flails
  1326 | D:2      | Reached skill level 1 in Staves
  1326 | D:2      | Reached skill level 1 in Slings
  1326 | D:2      | Reached skill level 1 in Bows
  1326 | D:2      | Reached skill level 1 in Crossbows
  1326 | D:2      | Reached skill level 1 in Throwing
  1326 | D:2      | Reached skill level 1 in Stealth
  1326 | D:2      | Reached skill level 1 in Shields
  1326 | D:2      | Reached skill level 1 in Unarmed Combat
  1326 | D:2      | Reached skill level 1 in Spellcasting
  1326 | D:2      | Reached skill level 1 in Evocations
  1327 | D:2      | Reached XP level 4. HP: 41/41 MP: 3/5
  1342 | D:2      | Identified the +2 robe "Hero's Friend" {rElec}
  1590 | D:2      | Reached skill level 1 in Conjurations
  1590 | D:2      | Reached skill level 1 in Hexes
  1590 | D:2      | Reached skill level 1 in Summonings
  1590 | D:2      | Reached skill level 1 in Necromancy
  1590 | D:2      | Reached skill level 1 in Translocations
  1590 | D:2      | Reached skill level 1 in Transmutations
  1590 | D:2      | Reached skill level 1 in Fire Magic
  1590 | D:2      | Reached skill level 1 in Ice Magic
  1590 | D:2      | Reached skill level 1 in Air Magic
  1590 | D:2      | Reached skill level 1 in Earth Magic
  1590 | D:2      | Reached skill level 1 in Poison Magic
  1735 | D:3      | Noticed a phantom
  1749 | D:3      | Killed a phantom
  1750 | D:3      | Reached XP level 5. HP: 25/47 MP: 5/7
  2315 | D:3      | Reached ** piety under Trog
  2321 | D:3      | Noticed a sky beast
  2348 | D:3      | Killed a sky beast
  2349 | D:3      | Reached XP level 6. HP: 36/53 MP: 8/8
  3086 | D:4      | Reached skill level 5 in Armour
  3086 | D:4      | Reached skill level 5 in Dodging
  3366 | D:4      | Noticed a two-headed ogre
  3381 | D:4      | Mangled by a two-headed ogre

Illustrated notes

Levels and vault maps discovered:
D:1:      dpeg_arrival_central, layout_basic, minmay_splitting_lines
D:2:      layout_rooms, serial_glass, glass_columns_a, glass_columns_b
D:3:      layout_basic, roderic_nine_men_s_morris
D:4:      layout_cave_pods, serial_shops, shop

Skill      XL: |  1  2  3  4  5  6 |
---------------+-------------------+-----
Invocations    | 1 2 |  2.1
Short Blades   | 1 |  1.9
Long Blades    | 1 |  1.9
Axes           | 1 |  1.9
Maces & Flails | 1 |  1.9
Staves         | 1 |  1.9
Slings         | 1 |  1.9
Bows           | 1 |  1.9
Crossbows      | 1 |  1.9
Throwing       | 1 |  1.9
Stealth        | 1 |  1.9
Shields        | 1 |  1.9
Unarmed Combat | 1 |  1.9
Spellcasting   | 1 |  1.9
Evocations     | 1 |  1.9
Conjurations   | 1 |  1.5
Hexes          | 1 |  1.5
Summonings     | 1 |  1.5
Necromancy     | 1 |  1.5
Translocations | 1 |  1.5
Transmutations | 1 |  1.5
Fire Magic     | 1 |  1.5
Ice Magic      | 1 |  1.5
Air Magic      | 1 |  1.5
Earth Magic    | 1 |  1.5
Poison Magic   | 1 |  1.5
Armour         | 5 |  5.0
Dodging        | 5 |  5.0
Fighting       | |  6.8
Polearms       | |  6.8

Action                   |  1- 3 |  4- 6 || total
-------------------------+-------+-------++-------
Melee: Spear             |    82 |   139 ||   221
       Bite              |    10 |     6 ||    16
       Punch             |     2 |     1 ||     3
Throw: Stone             |    19 |       ||    19
Invok: Berserk           |     1 |     1 ||     2
  Use: Scroll            |       |     3 ||     3
 Stab: Sleeping          |       |     1 ||     1
Armor: Animal skin       |     3 |       ||     3
       Leather armour    |    12 |       ||    12
       Robe              |       |     3 ||     3
       Ring mail         |       |    26 ||    26
Dodge: Dodged            |    48 |    54 ||   102
Block: Buckler           |       |     2 ||     2
